AoeStats
← Rōnin

Hill Fort

506286341Analyzed
4v4 RM · 18d ago on Sep 13, 2026· 43m 17s· 8 players
Game mode
Random Map
Map size
Large (8 player)
Population
200
Speed
Normal
Resources
Standard
Victory
Conquest
Starting age
Dark Age
Ending age
Imperial Age
RankedLock teamsTeams togetherTeam positionsShared explorationLock speedFull tech treeHidden civsTurbo modeCheats
Victory
Defeat
🇦🇷 Cumans · Argentina
1454
+9
🇦🇷 Franks · Argentina
1437
+10
🇦🇷 Britons · Argentina
1368
+12
🇦🇷 Saracens · Argentina
1356
+13
🇬🇹 Bengalis · Guatemala
1416
-16
🇵🇪 Maya · Peru
1305
-12
🇧🇷 Tatars · Brazil
1244
-9
🇺🇸 Persians · United States
1172
-7
Yusuke
0:27 Loom
10:43 Feudal Age
15:14 Castle Age
17:21 Double-Bit Axe
21:16 Fletching
24:21 Bodkin Arrow
30:47 Padded Archer Armor
35:08 Leather Archer Armor
38:42 Thumb Ring
39:49 Ballistics
40:20 Wheelbarrow
42:45 Gold Mining
Rōnin
8:16 Loom
11:12 Feudal Age
12:02 Double-Bit Axe
16:06 Castle Age
14:13 Horse Collar
15:49 Bloodlines
17:10 Scale Barding Armor
20:21 Chain Barding Armor
21:38 Heavy Plow
23:07 Husbandry
24:57 Town Watch
27:22 Forging
28:18 Gold Mining
29:51 Wheelbarrow
34:19 Imperial Age
32:37 Ballistics
35:58 Plate Barding Armor
37:37 Conscription
38:52 Bow Saw
39:29 Fletching
40:18 Iron Casting
39:09 Cavalier
40:39 Gold Shaft Mining
41:09 Heavy Camel Rider
42:16 Stone Mining
44:01 Iron Casting
43:18 Fletching
sj
10:04 Feudal Age
11:43 Double-Bit Axe
Itachi_+_+
10:17 Feudal Age
13:48 Fletching
13:47 Loom
17:01 Castle Age
15:51 Gold Mining
17:58 Bodkin Arrow
20:36 Crossbowman
23:39 Padded Archer Armor
28:46 Ballistics
40:07 Gold Shaft Mining
39:18 Double-Bit Axe
40:08 Horse Collar
Speaker
7:10 Loom
9:15 Feudal Age
10:26 Double-Bit Axe
14:02 Fletching
16:57 Padded Archer Armor
25:48 Castle Age
23:59 Horse Collar
25:48 Crossbowman
26:26 Bodkin Arrow
34:13 Bow Saw
36:01 Leather Archer Armor
36:50 Wheelbarrow
38:15 Ballistics
40:44 Gold Mining
TGT | mati.sala90
6:52 Loom
9:43 Feudal Age
10:20 Double-Bit Axe
24:39 Castle Age
25:04 Padded Archer Armor
24:54 Crossbowman
26:25 Fletching
27:40 Horse Collar
34:38 Bodkin Arrow
35:34 Leather Archer Armor
37:39 Ballistics
38:37 Heavy Plow
39:14 Wheelbarrow
40:07 Thumb Ring
43:10 Imperial Age
40:56 Hand Cart
41:14 Gold Mining
Leandro Pared10s
6:19 Loom
8:28 Feudal Age
9:07 Double-Bit Axe
12:55 Horse Collar
19:48 Town Watch
21:14 Wheelbarrow
22:41 Gold Mining
26:16 Castle Age
24:39 Scale Barding Armor
25:23 Bloodlines
25:27 Forging
25:50 Stone Mining
27:17 Chain Barding Armor
27:10 Bow Saw
27:46 Iron Casting
28:02 Heavy Plow
29:53 Gold Shaft Mining
33:50 Hand Cart
39:54 Imperial Age
38:27 Fletching
40:00 Cavalier
41:22 Plate Barding Armor
41:20 Crop Rotation
41:47 Conscription
41:44 Paladin
43:55 Blast Furnace
The Gogs
2:07 Loom
5:18 Loom
9:13 Feudal Age
9:42 Double-Bit Axe
21:28 Castle Age
20:32 Scale Barding Armor
22:14 Scale Mail Armor
23:33 Chain Barding Armor
24:17 Forging
24:56 Husbandry
33:03 Iron Casting
44:35 Imperial Age
Connection lost

Rejoining the realm…

Still unreachable

The connection could not be restored.

Session expired

The server has moved on; the page needs a fresh start.